[ AOE2 MATCH · #490065603 ]
UnrankedJurchens vs Turks
[ REPLAY ANALYSIS · EXTRACTED FROM THE RECORDED GAME ]
Feudal
8:01
Castle
11:32
Imperial
24:07
| APM avg | 32.9 |
| APM peak | 60 |
| eAPM avg | 22.7 |
| Villagers / military | 134 / 378 |
Focus
⚔️ 46.4% · 🌾 53.6%
Scout Cavalry ×215 · Steppe Lancer ×160 · Trade Cart ×33 · Unknown (1908) ×17 · Trebuchet (Packed) ×3
Feudal
7:37
Castle
11:41
Imperial
32:44
| APM avg | 43.0 |
| APM peak | 76 |
| eAPM avg | 26.0 |
| Villagers / military | 206 / 294 |
Focus
⚔️ 36.0% · 🌾 64.0%
Scout Cavalry ×152 · Cavalry Archer ×138 · Trade Cart ×14 · Monk ×2 · Battering Ram ×1 · Bombard Cannon ×1
Feudal
7:15
Castle
10:56
Imperial
22:30
| APM avg | 37.6 |
| APM peak | 68 |
| eAPM avg | 27.5 |
| Villagers / military | 137 / 406 |
Focus
⚔️ 49.4% · 🌾 50.6%
Militia ×163 · Berserk ×95 · Spearman ×89 · Battering Ram ×33 · Skirmisher ×19 · Trade Cart ×12
Feudal
8:01
Castle
11:34
Imperial
25:20
| APM avg | 52.8 |
| APM peak | 99 |
| eAPM avg | 34.2 |
| Villagers / military | 227 / 441 |
Focus
⚔️ 41.0% · 🌾 59.0%
Camel Scout ×233 · Scout Cavalry ×90 · Trade Cart ×84 · Elephant Archer ×67 · Hand Cannoneer ×45 · Armored Elephant ×5
Feudal
8:04
Castle
11:59
Imperial
27:49
| APM avg | 40.8 |
| APM peak | 81 |
| eAPM avg | 21.1 |
| Villagers / military | 186 / 96 |
Focus
⚔️ 41.1% · 🌾 58.9%
Tarkan ×63 · Scout Cavalry ×28 · Scorpion ×5 · Trade Cart ×4
Feudal
8:01
Castle
11:56
Imperial
28:48
| APM avg | 81.3 |
| APM peak | 150 |
| eAPM avg | 44.9 |
| Villagers / military | 159 / 320 |
Focus
⚔️ 71.6% · 🌾 28.4%
Bolas Rider ×273 · Skirmisher ×38 · Trade Cart ×9 · Trebuchet (Packed) ×7 · Petard ×2
Feudal
8:33
Castle
12:08
Imperial
25:10
| APM avg | 34.1 |
| APM peak | 79 |
| eAPM avg | 28.0 |
| Villagers / military | 147 / 389 |
Focus
⚔️ 39.8% · 🌾 60.2%
Scout Cavalry ×190 · Knight ×171 · Trade Cart ×29 · Throwing Axeman ×20 · Trebuchet (Packed) ×6 · Monk ×2
Feudal
8:02
Castle
11:59
Imperial
23:15
| APM avg | 41.2 |
| APM peak | 86 |
| eAPM avg | 31.8 |
| Villagers / military | 251 / 125 |
Focus
⚔️ 33.9% · 🌾 66.1%
War Wagon ×122 · Trebuchet (Packed) ×3
Match map
Initial resources + every placement click. Lines = walls · curves = elevation contours. ◆ gold · ⬟ stone · ● berries · ✦ relic · ◌ wall gap
Your base· ✓ Closed at 11:32 · 0t walls · 5 gate(s)
tokey354's base· ✓ Closed at 11:41 · 0t walls · 7 gate(s)
trabant's base· ✓ Closed at 10:56 · 0t walls · 7 gate(s)
Hisoka69's base· ✓ Closed at 11:34 · 0t walls · 6 gate(s)
[TNT] TW_RED's base· ✓ Closed at 11:59 · 0t walls · 6 gate(s)
Zni.Locuss's base· ✓ Closed at 11:56 · 0t walls · 7 gate(s)
上帝惡魔楊宗翰's base· ✓ Closed at 12:08 · 0t walls · 7 gate(s)
Çıkmaz Sokak's base· ✓ Closed at 11:59 · 1t walls · 6 gate(s)
Smoothed initial terrain · ◌ = detected wall gap · hover for details
Inputs per minute
— WonderHD11 - - tokey354
Build order — WonderHD11
First 150 of 624 actions detected
| 0:01 | Queue | Villager (Male) |
| 0:01 | Queue | Villager (Male) |
| 0:07 | Build | Lumber Camp |
| 0:08 | Queue | Villager (Male) |
| 0:08 | Queue | Villager (Male) |
| 0:14 | Build | Mill |
| 1:01 | Queue | Villager (Male) |
| 1:25 | Queue | Villager (Male) |
| 1:46 | Queue | Villager (Male) |
| 2:08 | Queue | Villager (Male) |
| 2:30 | Queue | Villager (Male) |
| 2:51 | Queue | Villager (Male) |
| 2:59 | Queue | Villager (Male) |
| 3:01 | Queue | Villager (Male) |
| 3:01 | Queue | Villager (Male) |
| 3:02 | Queue | Villager (Male) |
| 3:20 | Queue | Villager (Male) |
| 3:50 | Queue | Villager (Male) |
| 4:08 | Queue | Villager (Male) |
| 4:41 | Build | Mining Camp |
| 5:30 | Research | Feudal Age |
| 7:16 | Queue | Villager (Male) |
| 7:50 | Queue | Villager (Male) |
| 8:01 | Age | Feudal Age |
| 8:03 | Build | Market |
| 8:05 | Build | Blacksmith |
| 8:52 | Research | Castle Age |
| 8:52 | Research | Castle Age |
| 9:04 | Build | Lumber Camp |
| 9:10 | Research | Double-Bit Axe |
| 9:18 | Research | Horse Collar |
| 10:34 | Build | Farm |
| 10:36 | Build | Farm |
| 11:18 | Queue | Villager (Male) |
| 11:32 | Age | Castle Age |
| 11:36 | Queue | Villager (Male) |
| 11:37 | Build | Town Center |
| 11:43 | Build | Town Center |
| 11:46 | Research | Bow Saw |
| 11:52 | Build | Farm |
| 12:02 | Queue | Villager (Male) |
| 12:31 | Queue | Villager (Male) |
| 12:54 | Queue | Villager (Male) |
| 12:57 | Build | Farm |
| 12:59 | Build | Farm |
| 13:01 | Build | Farm |
| 13:03 | Build | Farm |
| 13:16 | Queue | Villager (Male) |
| 13:16 | Queue | Villager (Male) |
| 13:16 | Queue | Villager (Male) |
| 13:20 | Build | Farm |
| 13:21 | Build | Farm |
| 13:24 | Build | Farm |
| 13:26 | Build | Farm |
| 13:29 | Build | Farm |
| 13:30 | Build | Farm |
| 13:46 | Build | Farm |
| 13:49 | Build | Farm |
| 13:50 | Queue | Villager (Male) |
| 13:50 | Queue | Villager (Male) |
| 13:57 | Queue | Villager (Male) |
| 14:15 | Queue | Villager (Male) |
| 14:15 | Queue | Villager (Male) |
| 14:19 | Build | Farm |
| 14:21 | Build | Farm |
| 14:23 | Build | Farm |
| 14:27 | Queue | Villager (Male) |
| 14:35 | Queue | Villager (Male) |
| 14:37 | Build | Farm |
| 14:45 | Queue | Villager (Male) |
| 14:47 | Queue | Villager (Male) |
| 14:50 | Build | Farm |
| 14:52 | Queue | Villager (Male) |
| 14:53 | Queue | Villager (Male) |
| 14:53 | Queue | Villager (Male) |
| 14:53 | Queue | Villager (Male) |
| 15:05 | Queue | Villager (Male) |
| 15:12 | Build | House |
| 15:13 | Queue | Villager (Male) |
| 15:16 | Build | Farm |
| 15:19 | Queue | Villager (Male) |
| 15:27 | Queue | Villager (Male) |
| 15:34 | Queue | Villager (Male) |
| 15:46 | Queue | Villager (Male) |
| 15:54 | Queue | Villager (Male) |
| 16:02 | Queue | Villager (Male) |
| 16:10 | Queue | Villager (Male) |
| 16:19 | Queue | Villager (Male) |
| 16:23 | Build | Town Center |
| 16:25 | Queue | Villager (Male) |
| 16:27 | Queue | Villager (Male) |
| 16:44 | Queue | Villager (Male) |
| 16:44 | Queue | Villager (Male) |
| 16:47 | Research | Loom |
| 16:52 | Build | House |
| 16:53 | Build | House |
| 16:54 | Build | House |
| 16:56 | Build | House |
| 17:02 | Build | House |
| 17:04 | Queue | Villager (Male) |
| 17:07 | Build | Farm |
| 17:08 | Queue | Villager (Male) |
| 17:11 | Build | Farm |
| 17:23 | Research | Wheelbarrow |
| 17:29 | Build | Farm |
| 17:30 | Build | Mill |
| 17:31 | Queue | Villager (Male) |
| 17:31 | Queue | Villager (Male) |
| 17:35 | Build | Farm |
| 17:50 | Queue | Villager (Male) |
| 17:50 | Queue | Villager (Male) |
| 17:59 | Queue | Villager (Male) |
| 18:01 | Queue | Villager (Male) |
| 18:04 | Build | Farm |
| 18:07 | Build | Farm |
| 18:09 | Build | Farm |
| 18:11 | Queue | Villager (Male) |
| 18:14 | Build | Farm |
| 18:15 | Queue | Villager (Male) |
| 18:22 | Build | Farm |
| 18:26 | Queue | Villager (Male) |
| 18:26 | Queue | Villager (Male) |
| 18:33 | Build | Farm |
| 18:34 | Queue | Villager (Male) |
| 18:37 | Build | Farm |
| 18:39 | Queue | Villager (Male) |
| 18:46 | Queue | Villager (Male) |
| 18:49 | Build | Farm |
| 18:54 | Build | House |
| 18:55 | Queue | Villager (Male) |
| 18:59 | Queue | Villager (Male) |
| 19:08 | Build | Farm |
| 19:16 | Build | Farm |
| 19:29 | Build | House |
| 19:30 | Queue | Villager (Male) |
| 19:31 | Queue | Villager (Male) |
| 19:34 | Build | Farm |
| 19:39 | Build | Farm |
| 19:40 | Queue | Villager (Male) |
| 19:44 | Build | Farm |
| 19:45 | Queue | Villager (Male) |
| 19:47 | Queue | Villager (Male) |
| 19:49 | Queue | Villager (Male) |
| 20:03 | Queue | Villager (Male) |
| 20:04 | Build | Farm |
| 20:11 | Build | Farm |
| 20:13 | Queue | Villager (Male) |
| 20:15 | Build | Farm |
| 20:24 | Queue | Villager (Male) |
| 20:26 | Build | Mill |
Build order — tokey354
First 150 of 589 actions detected
| 0:02 | Queue | Villager (Male) |
| 0:02 | Queue | Villager (Male) |
| 0:05 | Build | Mill |
| 0:09 | Queue | Villager (Male) |
| 0:10 | Queue | Villager (Male) |
| 0:11 | Queue | Villager (Male) |
| 1:04 | Queue | Villager (Male) |
| 1:04 | Queue | Villager (Male) |
| 1:24 | Build | Lumber Camp |
| 1:29 | Queue | Villager (Male) |
| 1:43 | Queue | Villager (Male) |
| 2:16 | Queue | Villager (Male) |
| 2:37 | Queue | Villager (Male) |
| 2:57 | Queue | Villager (Male) |
| 2:58 | Queue | Villager (Male) |
| 2:58 | Queue | Villager (Male) |
| 3:19 | Queue | Villager (Male) |
| 4:17 | Build | Mining Camp |
| 4:57 | Research | Feudal Age |
| 5:09 | Build | Farm |
| 5:18 | Build | Farm |
| 5:42 | Build | Farm |
| 6:12 | Queue | Villager (Male) |
| 7:37 | Age | Feudal Age |
| 7:41 | Build | Market |
| 7:50 | Build | Blacksmith |
| 7:52 | Queue | Villager (Male) |
| 8:17 | Build | Farm |
| 8:24 | Queue | Villager (Male) |
| 8:44 | Build | House |
| 8:45 | Build | House |
| 8:58 | Build | Farm |
| 9:01 | Research | Castle Age |
| 9:01 | Research | Castle Age |
| 9:36 | Research | Double-Bit Axe |
| 9:37 | Research | Double-Bit Axe |
| 10:05 | Queue | Villager (Male) |
| 10:28 | Queue | Villager (Male) |
| 10:56 | Queue | Villager (Male) |
| 11:19 | Build | Farm |
| 11:38 | Queue | Villager (Male) |
| 11:41 | Age | Castle Age |
| 11:47 | Build | Town Center |
| 11:49 | Queue | Villager (Male) |
| 11:55 | Queue | Villager (Male) |
| 12:02 | Queue | Villager (Male) |
| 12:04 | Build | Town Center |
| 12:18 | Queue | Villager (Male) |
| 12:18 | Queue | Villager (Male) |
| 12:27 | Build | Town Center |
| 13:14 | Queue | Villager (Male) |
| 13:15 | Queue | Villager (Male) |
| 13:18 | Build | Farm |
| 13:21 | Build | Farm |
| 13:25 | Queue | Villager (Male) |
| 13:28 | Queue | Villager (Male) |
| 13:39 | Build | Farm |
| 13:40 | Build | Farm |
| 13:41 | Build | Farm |
| 13:45 | Queue | Villager (Male) |
| 13:45 | Queue | Villager (Male) |
| 13:46 | Queue | Villager (Male) |
| 14:01 | Queue | Villager (Male) |
| 14:07 | Build | Farm |
| 14:11 | Queue | Villager (Male) |
| 14:11 | Queue | Villager (Male) |
| 14:18 | Queue | Villager (Male) |
| 14:30 | Queue | Villager (Male) |
| 14:33 | Build | Farm |
| 14:36 | Queue | Villager (Male) |
| 14:50 | Build | House |
| 14:53 | Queue | Villager (Male) |
| 14:54 | Queue | Villager (Male) |
| 15:25 | Queue | Villager (Male) |
| 15:28 | Build | Archery Range |
| 15:31 | Build | House |
| 15:39 | Build | House |
| 15:40 | Queue | Villager (Male) |
| 15:41 | Queue | Villager (Male) |
| 15:46 | Build | House |
| 15:48 | Queue | Villager (Male) |
| 15:59 | Build | Farm |
| 16:01 | Queue | Villager (Male) |
| 16:12 | Queue | Trade Cart |
| 16:15 | Research | Horse Collar |
| 16:21 | Build | Archery Range |
| 16:24 | Queue | Cavalry Archer |
| 16:26 | Queue | Villager (Male) |
| 16:26 | Queue | Villager (Male) |
| 16:27 | Queue | Villager (Male) |
| 16:30 | Build | Farm |
| 16:31 | Queue | Villager (Male) |
| 16:48 | Build | Farm |
| 16:50 | Build | Farm |
| 16:57 | Build | Farm |
| 17:04 | Queue | Cavalry Archer |
| 17:05 | Research | Fletching |
| 17:09 | Build | House |
| 17:09 | Build | House |
| 17:11 | Queue | Villager (Male) |
| 17:15 | Queue | Cavalry Archer |
| 17:17 | Queue | Villager (Male) |
| 17:22 | Build | Lumber Camp |
| 17:24 | Queue | Villager (Male) |
| 17:36 | Queue | Villager (Male) |
| 17:40 | Build | House |
| 17:41 | Build | House |
| 17:41 | Queue | Villager (Male) |
| 17:47 | Build | House |
| 17:50 | Build | House |
| 17:51 | Queue | Villager (Male) |
| 18:01 | Build | Stable |
| 18:03 | Queue | Villager (Male) |
| 18:04 | Queue | Villager (Male) |
| 18:06 | Queue | Cavalry Archer |
| 18:07 | Queue | Cavalry Archer |
| 18:16 | Build | House |
| 18:17 | Build | House |
| 18:18 | Build | House |
| 18:20 | Queue | Villager (Male) |
| 18:25 | Queue | Cavalry Archer |
| 18:26 | Queue | Cavalry Archer |
| 18:31 | Queue | Villager (Male) |
| 18:34 | Build | Farm |
| 18:35 | Build | Farm |
| 19:00 | Build | Lumber Camp |
| 19:02 | Research | Bloodlines |
| 19:06 | Build | House |
| 19:17 | Build | House |
| 19:20 | Build | Farm |
| 19:21 | Queue | Villager (Male) |
| 19:23 | Queue | Cavalry Archer |
| 19:24 | Queue | Cavalry Archer |
| 19:26 | Queue | Villager (Male) |
| 19:27 | Queue | Villager (Male) |
| 19:28 | Queue | Villager (Male) |
| 19:30 | Queue | Villager (Male) |
| 19:35 | Queue | Cavalry Archer |
| 19:36 | Queue | Cavalry Archer |
| 19:41 | Build | Farm |
| 19:43 | Build | Farm |
| 19:51 | Queue | Villager (Male) |
| 19:53 | Build | Farm |
| 20:04 | Research | Bodkin Arrow |
| 20:05 | Queue | Cavalry Archer |
| 20:20 | Queue | Villager (Male) |
| 20:24 | Research | Padded Archer Armor |
| 20:25 | Research | Padded Archer Armor |
| 20:27 | Queue | Cavalry Archer |
| 20:30 | Build | House |
Build order — trabant
First 150 of 792 actions detected
| 0:01 | Queue | Villager (Male) |
| 0:01 | Queue | Villager (Male) |
| 0:01 | Queue | Villager (Male) |
| 0:14 | Build | Mill |
| 0:20 | Build | Lumber Camp |
| 0:39 | Queue | Villager (Male) |
| 0:39 | Queue | Villager (Male) |
| 1:27 | Queue | Villager (Male) |
| 1:28 | Queue | Villager (Male) |
| 2:29 | Queue | Villager (Male) |
| 2:35 | Queue | Villager (Male) |
| 2:36 | Queue | Villager (Male) |
| 3:26 | Queue | Villager (Male) |
| 3:26 | Queue | Villager (Male) |
| 4:03 | Queue | Villager (Male) |
| 4:06 | Build | Farm |
| 4:13 | Build | Farm |
| 4:23 | Build | Mining Camp |
| 5:03 | Queue | Villager (Male) |
| 5:04 | Research | Feudal Age |
| 5:06 | Queue | Villager (Male) |
| 5:06 | Queue | Villager (Male) |
| 5:10 | Queue | Villager (Male) |
| 5:49 | Build | Farm |
| 7:15 | Age | Feudal Age |
| 7:21 | Build | Market |
| 7:23 | Build | Blacksmith |
| 8:16 | Research | Castle Age |
| 8:16 | Research | Castle Age |
| 8:46 | Research | Horse Collar |
| 8:46 | Research | Horse Collar |
| 9:00 | Research | Double-Bit Axe |
| 9:00 | Research | Double-Bit Axe |
| 9:32 | Queue | Villager (Male) |
| 10:38 | Queue | Villager (Male) |
| 10:56 | Age | Castle Age |
| 10:59 | Research | Bow Saw |
| 11:14 | Build | Town Center |
| 11:40 | Build | Town Center |
| 11:44 | Queue | Villager (Male) |
| 12:00 | Build | Farm |
| 12:01 | Queue | Villager (Male) |
| 12:05 | Build | Farm |
| 12:24 | Queue | Villager (Male) |
| 12:38 | Queue | Villager (Male) |
| 12:41 | Build | Farm |
| 12:41 | Build | Farm |
| 12:41 | Build | Farm |
| 12:56 | Queue | Villager (Male) |
| 12:57 | Queue | Villager (Male) |
| 12:58 | Build | Farm |
| 13:01 | Build | Farm |
| 13:11 | Queue | Villager (Male) |
| 13:13 | Queue | Villager (Male) |
| 13:18 | Build | Farm |
| 13:23 | Queue | Villager (Male) |
| 13:24 | Queue | Villager (Male) |
| 13:38 | Queue | Villager (Male) |
| 13:38 | Queue | Villager (Male) |
| 13:43 | Build | Farm |
| 13:48 | Build | Farm |
| 13:51 | Build | Farm |
| 13:58 | Queue | Villager (Male) |
| 14:03 | Build | Farm |
| 14:04 | Build | Farm |
| 14:07 | Build | Farm |
| 14:11 | Build | Farm |
| 14:12 | Queue | Villager (Male) |
| 14:13 | Queue | Villager (Male) |
| 14:15 | Build | Farm |
| 14:20 | Build | Farm |
| 14:28 | Queue | Villager (Male) |
| 14:28 | Queue | Villager (Male) |
| 14:31 | Build | Farm |
| 14:34 | Build | Farm |
| 14:41 | Queue | Villager (Male) |
| 14:41 | Queue | Villager (Male) |
| 14:41 | Queue | Villager (Male) |
| 14:44 | Build | Farm |
| 14:45 | Build | Farm |
| 14:49 | Build | Farm |
| 14:58 | Queue | Villager (Male) |
| 14:58 | Queue | Villager (Male) |
| 15:01 | Build | Farm |
| 15:06 | Build | Farm |
| 15:14 | Build | Farm |
| 15:14 | Queue | Villager (Male) |
| 15:25 | Queue | Villager (Male) |
| 15:25 | Queue | Villager (Male) |
| 15:29 | Build | Farm |
| 15:33 | Build | Farm |
| 15:36 | Queue | Villager (Male) |
| 15:36 | Queue | Villager (Male) |
| 15:43 | Build | Farm |
| 15:44 | Queue | Villager (Male) |
| 15:48 | Build | Farm |
| 15:52 | Build | Farm |
| 15:59 | Queue | Villager (Male) |
| 16:07 | Queue | Villager (Male) |
| 16:07 | Queue | Villager (Male) |
| 16:17 | Queue | Villager (Male) |
| 16:17 | Queue | Villager (Male) |
| 16:23 | Build | Farm |
| 16:32 | Build | Farm |
| 16:33 | Queue | Villager (Male) |
| 16:33 | Queue | Villager (Male) |
| 16:35 | Build | Farm |
| 16:38 | Build | Farm |
| 16:43 | Queue | Villager (Male) |
| 16:44 | Queue | Villager (Male) |
| 16:47 | Build | House |
| 16:52 | Build | House |
| 16:53 | Build | House |
| 16:54 | Build | House |
| 16:55 | Build | House |
| 17:11 | Queue | Villager (Male) |
| 17:12 | Queue | Villager (Male) |
| 17:17 | Build | Farm |
| 17:18 | Build | Farm |
| 17:24 | Build | Farm |
| 17:29 | Queue | Villager (Male) |
| 17:29 | Queue | Villager (Male) |
| 17:41 | Build | Mining Camp |
| 17:46 | Build | Farm |
| 17:48 | Queue | Villager (Male) |
| 17:48 | Queue | Villager (Male) |
| 18:15 | Queue | Villager (Male) |
| 18:16 | Queue | Villager (Male) |
| 18:17 | Research | Gold Mining |
| 18:17 | Research | Gold Mining |
| 18:20 | Research | Heavy Plow |
| 18:20 | Research | Heavy Plow |
| 18:45 | Queue | Villager (Male) |
| 18:45 | Queue | Villager (Male) |
| 18:46 | Queue | Villager (Male) |
| 19:03 | Build | House |
| 19:05 | Build | House |
| 19:06 | Build | House |
| 19:07 | Build | House |
| 19:20 | Research | Imperial Age |
| 19:21 | Research | Loom |
| 19:22 | Research | Town Watch |
| 19:35 | Queue | Berserk |
| 19:38 | Research | Scale Mail Armor |
| 19:39 | Research | Forging |
| 19:40 | Queue | Villager (Male) |
| 19:40 | Queue | Villager (Male) |
| 19:49 | Build | Siege Workshop |
| 19:59 | Queue | Villager (Male) |
| 20:00 | Queue | Villager (Male) |
Build order — Hisoka69
First 150 of 715 actions detected
| 0:01 | Queue | Villager (Male) |
| 0:01 | Queue | Villager (Male) |
| 0:11 | Build | Lumber Camp |
| 0:13 | Queue | Villager (Male) |
| 0:13 | Queue | Villager (Male) |
| 0:13 | Queue | Villager (Male) |
| 0:47 | Queue | Villager (Male) |
| 0:47 | Queue | Villager (Male) |
| 1:26 | Queue | Villager (Male) |
| 1:26 | Queue | Villager (Male) |
| 1:36 | Queue | Villager (Male) |
| 1:36 | Queue | Villager (Male) |
| 1:49 | Queue | Villager (Male) |
| 1:49 | Queue | Villager (Male) |
| 1:49 | Queue | Villager (Male) |
| 2:13 | Queue | Villager (Male) |
| 2:13 | Queue | Villager (Male) |
| 2:32 | Build | Mill |
| 3:03 | Queue | Villager (Male) |
| 3:03 | Queue | Villager (Male) |
| 3:56 | Queue | Villager (Male) |
| 3:56 | Queue | Villager (Male) |
| 3:56 | Queue | Villager (Male) |
| 4:01 | Build | Lumber Camp |
| 5:06 | Queue | Villager (Male) |
| 5:31 | Build | Mining Camp |
| 5:50 | Research | Feudal Age |
| 5:50 | Research | Feudal Age |
| 6:38 | Queue | Villager (Male) |
| 6:38 | Queue | Villager (Male) |
| 7:10 | Build | Farm |
| 7:14 | Build | Farm |
| 7:36 | Build | Farm |
| 8:01 | Age | Feudal Age |
| 8:04 | Build | Market |
| 8:06 | Build | Blacksmith |
| 8:54 | Research | Castle Age |
| 8:55 | Research | Castle Age |
| 9:05 | Research | Double-Bit Axe |
| 9:05 | Research | Double-Bit Axe |
| 9:35 | Research | Horse Collar |
| 9:35 | Research | Horse Collar |
| 9:56 | Queue | Villager (Male) |
| 11:34 | Age | Castle Age |
| 11:37 | Build | Town Center |
| 11:38 | Queue | Villager (Male) |
| 11:41 | Build | Town Center |
| 11:43 | Research | Bow Saw |
| 11:49 | Queue | Villager (Male) |
| 12:29 | Build | Town Center |
| 12:32 | Queue | Villager (Male) |
| 12:51 | Queue | Villager (Male) |
| 12:57 | Research | Bow Saw |
| 12:57 | Research | Bow Saw |
| 12:59 | Queue | Villager (Male) |
| 12:59 | Queue | Villager (Male) |
| 12:59 | Queue | Villager (Male) |
| 13:13 | Build | Palisade Wall |
| 13:15 | Build | Palisade Wall |
| 13:18 | Queue | Villager (Male) |
| 13:18 | Queue | Villager (Male) |
| 13:19 | Queue | Villager (Male) |
| 13:19 | Queue | Villager (Male) |
| 13:23 | Build | Farm |
| 13:33 | Build | Farm |
| 13:39 | Build | Farm |
| 13:41 | Queue | Villager (Male) |
| 13:42 | Queue | Villager (Male) |
| 13:48 | Build | Farm |
| 13:59 | Build | Farm |
| 14:05 | Build | House |
| 14:05 | Queue | Villager (Male) |
| 14:06 | Queue | Villager (Male) |
| 14:24 | Queue | Villager (Male) |
| 14:24 | Queue | Villager (Male) |
| 14:25 | Queue | Villager (Male) |
| 14:27 | Build | Farm |
| 14:38 | Build | Farm |
| 14:39 | Build | Farm |
| 14:41 | Build | Farm |
| 14:43 | Queue | Villager (Male) |
| 14:44 | Queue | Villager (Male) |
| 14:52 | Queue | Villager (Male) |
| 14:52 | Queue | Villager (Male) |
| 14:52 | Queue | Villager (Male) |
| 14:53 | Build | Farm |
| 14:53 | Build | Farm |
| 14:54 | Build | Farm |
| 14:56 | Build | Farm |
| 15:00 | Build | Farm |
| 15:03 | Queue | Villager (Male) |
| 15:03 | Queue | Villager (Male) |
| 15:03 | Queue | Villager (Male) |
| 15:11 | Build | Farm |
| 15:14 | Build | Farm |
| 15:18 | Build | Farm |
| 15:18 | Queue | Villager (Male) |
| 15:18 | Queue | Villager (Male) |
| 15:20 | Build | House |
| 15:21 | Build | House |
| 15:23 | Queue | Villager (Male) |
| 15:34 | Queue | Villager (Male) |
| 15:34 | Queue | Villager (Male) |
| 15:37 | Build | Farm |
| 15:39 | Build | Farm |
| 15:42 | Queue | Villager (Male) |
| 15:42 | Queue | Villager (Male) |
| 15:44 | Build | Farm |
| 15:48 | Build | Farm |
| 15:50 | Queue | Villager (Male) |
| 15:51 | Queue | Villager (Male) |
| 15:51 | Queue | Villager (Male) |
| 15:55 | Queue | Villager (Male) |
| 15:55 | Queue | Villager (Male) |
| 16:01 | Queue | Villager (Male) |
| 16:01 | Queue | Villager (Male) |
| 16:04 | Build | House |
| 16:08 | Queue | Villager (Male) |
| 16:08 | Queue | Villager (Male) |
| 16:17 | Build | Town Center |
| 16:18 | Queue | Villager (Male) |
| 16:18 | Queue | Villager (Male) |
| 16:19 | Queue | Villager (Male) |
| 16:27 | Queue | Villager (Male) |
| 16:27 | Queue | Villager (Male) |
| 16:28 | Queue | Villager (Male) |
| 16:28 | Queue | Villager (Male) |
| 16:34 | Build | Farm |
| 16:34 | Queue | Villager (Male) |
| 16:34 | Queue | Villager (Male) |
| 16:35 | Queue | Villager (Male) |
| 16:37 | Build | House |
| 16:39 | Build | House |
| 16:40 | Queue | Villager (Male) |
| 16:40 | Queue | Villager (Male) |
| 16:46 | Build | Farm |
| 16:47 | Queue | Villager (Male) |
| 16:47 | Queue | Villager (Male) |
| 16:58 | Build | Farm |
| 17:03 | Queue | Villager (Male) |
| 17:03 | Queue | Villager (Male) |
| 17:03 | Queue | Villager (Male) |
| 17:04 | Queue | Villager (Male) |
| 17:08 | Build | Farm |
| 17:17 | Queue | Villager (Male) |
| 17:17 | Queue | Villager (Male) |
| 17:20 | Build | Mining Camp |
| 17:27 | Build | Farm |
| 17:29 | Build | Farm |
| 17:31 | Build | Farm |
Build order — [TNT] TW_RED
First 150 of 430 actions detected
| 0:04 | Queue | Villager (Male) |
| 0:04 | Queue | Villager (Male) |
| 0:07 | Build | Lumber Camp |
| 0:39 | Queue | Villager (Male) |
| 0:39 | Queue | Villager (Male) |
| 1:06 | Queue | Villager (Male) |
| 1:06 | Queue | Villager (Male) |
| 1:33 | Queue | Villager (Male) |
| 1:34 | Queue | Villager (Male) |
| 1:53 | Queue | Villager (Male) |
| 1:53 | Queue | Villager (Male) |
| 2:38 | Build | Mill |
| 2:46 | Queue | Villager (Male) |
| 2:46 | Queue | Villager (Male) |
| 3:15 | Queue | Villager (Male) |
| 3:20 | Queue | Villager (Male) |
| 3:20 | Queue | Villager (Male) |
| 3:56 | Queue | Villager (Male) |
| 3:57 | Queue | Villager (Male) |
| 4:10 | Queue | Villager (Male) |
| 4:10 | Queue | Villager (Male) |
| 4:11 | Queue | Villager (Male) |
| 4:22 | Queue | Villager (Male) |
| 4:22 | Queue | Villager (Male) |
| 4:22 | Queue | Villager (Male) |
| 4:29 | Build | Farm |
| 4:37 | Build | Mining Camp |
| 4:39 | Queue | Villager (Male) |
| 4:58 | Queue | Villager (Male) |
| 4:58 | Queue | Villager (Male) |
| 5:01 | Build | Farm |
| 5:03 | Build | Farm |
| 5:06 | Build | Farm |
| 5:10 | Build | Farm |
| 5:11 | Queue | Villager (Male) |
| 5:28 | Queue | Villager (Male) |
| 5:36 | Build | Farm |
| 5:52 | Research | Feudal Age |
| 5:52 | Research | Feudal Age |
| 6:00 | Build | Farm |
| 7:42 | Queue | Villager (Male) |
| 7:58 | Queue | Villager (Male) |
| 8:04 | Age | Feudal Age |
| 8:06 | Build | Market |
| 8:13 | Queue | Villager (Male) |
| 8:22 | Queue | Villager (Male) |
| 8:31 | Build | Blacksmith |
| 8:52 | Queue | Villager (Male) |
| 9:13 | Research | Castle Age |
| 9:33 | Research | Double-Bit Axe |
| 9:34 | Research | Double-Bit Axe |
| 10:03 | Research | Horse Collar |
| 10:04 | Research | Horse Collar |
| 10:41 | Research | Horse Collar |
| 11:52 | Queue | Villager (Male) |
| 11:59 | Age | Castle Age |
| 12:03 | Build | Town Center |
| 12:03 | Queue | Villager (Male) |
| 12:07 | Research | Bow Saw |
| 12:51 | Queue | Villager (Male) |
| 13:07 | Queue | Villager (Male) |
| 13:22 | Build | Town Center |
| 13:29 | Queue | Villager (Male) |
| 13:35 | Queue | Villager (Male) |
| 13:48 | Queue | Villager (Male) |
| 13:56 | Build | Town Center |
| 14:05 | Queue | Villager (Male) |
| 14:21 | Research | Loom |
| 14:42 | Build | Siege Workshop |
| 15:03 | Queue | Scorpion |
| 15:08 | Queue | Villager (Male) |
| 15:20 | Research | Fletching |
| 15:20 | Research | Fletching |
| 15:25 | Queue | Scorpion |
| 15:52 | Queue | Scorpion |
| 15:54 | Queue | Villager (Male) ×5 |
| 16:05 | Queue | Villager (Male) ×2 |
| 16:16 | Build | Farm |
| 16:21 | Research | Heavy Plow |
| 16:22 | Queue | Villager (Male) |
| 16:48 | Queue | Scorpion |
| 16:56 | Build | Farm |
| 16:57 | Build | Farm |
| 16:58 | Build | Farm |
| 17:00 | Build | Farm |
| 17:01 | Build | Farm |
| 17:23 | Queue | Scorpion |
| 17:28 | Build | Farm |
| 17:29 | Build | Farm |
| 17:38 | Build | Farm |
| 17:39 | Build | Farm |
| 17:40 | Build | Farm |
| 17:41 | Build | Farm |
| 17:43 | Build | Farm |
| 17:43 | Build | Farm |
| 17:45 | Build | Farm |
| 17:47 | Build | Farm |
| 17:55 | Queue | Villager (Male) |
| 17:59 | Build | Farm |
| 18:01 | Build | Farm |
| 18:03 | Build | Farm |
| 18:08 | Build | Farm |
| 18:12 | Build | Farm |
| 18:15 | Build | Gate |
| 18:23 | Queue | Villager (Male) |
| 18:25 | Build | Farm |
| 18:26 | Build | Farm |
| 18:32 | Build | Farm |
| 18:38 | Queue | Villager (Male) |
| 18:44 | Build | Farm |
| 18:45 | Build | Farm |
| 18:50 | Queue | Villager (Male) |
| 18:50 | Queue | Villager (Male) |
| 19:02 | Queue | Villager (Male) |
| 19:03 | Queue | Villager (Male) |
| 19:15 | Build | Farm |
| 19:17 | Build | Farm |
| 19:18 | Queue | Villager (Male) |
| 19:20 | Build | Farm |
| 19:23 | Queue | Villager (Male) |
| 19:23 | Queue | Villager (Male) |
| 19:38 | Queue | Villager (Male) |
| 19:39 | Queue | Villager (Male) |
| 19:47 | Queue | Villager (Male) |
| 19:47 | Queue | Villager (Male) |
| 19:52 | Build | Lumber Camp |
| 19:53 | Queue | Villager (Male) |
| 19:54 | Queue | Villager (Male) |
| 20:05 | Queue | Villager (Male) |
| 20:27 | Queue | Villager (Male) |
| 20:27 | Queue | Villager (Male) |
| 20:31 | Research | Wheelbarrow |
| 20:32 | Research | Wheelbarrow |
| 20:33 | Queue | Villager (Male) |
| 20:33 | Queue | Villager (Male) |
| 20:47 | Queue | Villager (Male) |
| 21:03 | Build | University |
| 21:06 | Queue | Villager (Male) |
| 21:06 | Queue | Villager (Male) |
| 21:10 | Research | Town Watch |
| 21:13 | Queue | Villager (Male) |
| 21:14 | Queue | Villager (Male) |
| 21:25 | Build | Farm |
| 21:26 | Queue | Villager (Male) |
| 21:29 | Build | Farm |
| 21:35 | Queue | Villager (Male) |
| 21:35 | Queue | Villager (Male) |
| 21:48 | Queue | Villager (Male) |
| 21:50 | Build | Farm |
| 21:51 | Build | Farm |
Build order — Zni.Locuss
First 150 of 527 actions detected
| 0:01 | Queue | Villager (Male) |
| 0:03 | Build | Settlement |
| 0:12 | Queue | Villager (Male) |
| 0:29 | Queue | Villager (Male) |
| 0:29 | Queue | Villager (Male) |
| 0:29 | Queue | Villager (Male) |
| 1:26 | Build | Settlement |
| 1:28 | Queue | Villager (Male) |
| 1:29 | Queue | Villager (Male) |
| 1:29 | Queue | Villager (Male) |
| 1:29 | Queue | Villager (Male) |
| 1:54 | Queue | Villager (Male) |
| 2:19 | Queue | Villager (Male) |
| 2:19 | Queue | Villager (Male) |
| 2:19 | Queue | Villager (Male) |
| 3:09 | Queue | Villager (Male) |
| 3:37 | Queue | Villager (Male) |
| 4:02 | Queue | Villager (Male) |
| 4:02 | Queue | Villager (Male) |
| 4:04 | Build | Settlement |
| 4:21 | Build | Farm |
| 4:24 | Build | Farm |
| 4:28 | Build | Farm |
| 4:44 | Build | Farm |
| 4:45 | Queue | Villager (Male) |
| 5:07 | Queue | Villager (Male) |
| 5:35 | Build | Settlement |
| 5:39 | Research | Feudal Age |
| 6:34 | Queue | Villager (Male) |
| 6:35 | Queue | Villager (Male) |
| 8:01 | Age | Feudal Age |
| 8:04 | Build | Archery Range |
| 8:07 | Build | Blacksmith |
| 8:42 | Queue | Villager (Male) |
| 9:02 | Research | Castle Age |
| 9:03 | Research | Castle Age |
| 9:20 | Build | Archery Range |
| 9:33 | Research | Double-Bit Axe |
| 9:36 | Research | Horse Collar |
| 9:36 | Research | Horse Collar |
| 10:28 | Build | Outpost |
| 10:41 | Research | Fletching |
| 11:10 | Research | Town Watch |
| 11:46 | Build | Outpost |
| 11:56 | Age | Castle Age |
| 11:58 | Queue | Bolas Rider |
| 11:59 | Queue | Bolas Rider |
| 12:00 | Queue | Petard |
| 12:00 | Queue | Petard |
| 12:22 | Queue | Villager (Male) |
| 12:24 | Queue | Bolas Rider |
| 12:24 | Queue | Bolas Rider |
| 12:44 | Queue | Villager (Male) |
| 12:45 | Research | Bodkin Arrow |
| 12:46 | Research | Bodkin Arrow |
| 12:48 | Queue | Bolas Rider |
| 12:48 | Queue | Bolas Rider |
| 12:54 | Queue | Villager (Male) |
| 12:56 | Build | Farm |
| 12:57 | Build | Farm |
| 13:14 | Queue | Villager (Male) |
| 13:17 | Build | Farm |
| 13:18 | Build | Farm |
| 13:25 | Build | Town Center |
| 13:53 | Queue | Bolas Rider |
| 13:53 | Queue | Bolas Rider |
| 13:57 | Queue | Villager (Male) |
| 13:59 | Build | Farm |
| 14:00 | Build | Farm |
| 14:02 | Queue | Villager (Male) |
| 14:03 | Build | Farm |
| 14:43 | Queue | Villager (Male) |
| 14:43 | Queue | Villager (Male) |
| 14:44 | Queue | Villager (Male) |
| 14:52 | Queue | Bolas Rider |
| 14:54 | Queue | Bolas Rider |
| 15:08 | Queue | Villager (Male) |
| 15:09 | Queue | Villager (Male) |
| 15:11 | Build | Farm |
| 15:45 | Queue | Bolas Rider |
| 15:47 | Queue | Bolas Rider |
| 15:54 | Queue | Villager (Male) |
| 15:55 | Queue | Villager (Male) |
| 15:58 | Build | Farm |
| 16:00 | Queue | Villager (Male) |
| 16:01 | Build | Farm |
| 16:02 | Build | Farm |
| 16:20 | Queue | Bolas Rider |
| 16:20 | Queue | Bolas Rider |
| 16:47 | Queue | Villager (Male) |
| 16:47 | Queue | Villager (Male) |
| 16:48 | Queue | Villager (Male) |
| 16:49 | Queue | Villager (Male) |
| 16:49 | Queue | Villager (Male) |
| 16:49 | Queue | Villager (Male) |
| 16:58 | Build | Market |
| 16:59 | Build | House |
| 16:59 | Build | House |
| 17:23 | Queue | Villager (Male) |
| 17:25 | Queue | Villager (Male) |
| 17:29 | Build | Farm |
| 17:35 | Build | Settlement |
| 17:56 | Queue | Villager (Male) |
| 17:58 | Build | Farm |
| 18:10 | Queue | Villager (Male) |
| 18:17 | Queue | Villager (Male) |
| 18:18 | Build | Farm |
| 18:27 | Build | Town Center |
| 18:34 | Queue | Villager (Male) |
| 18:35 | Queue | Villager (Male) |
| 18:40 | Build | Farm |
| 18:49 | Build | House |
| 18:50 | Build | House |
| 19:00 | Build | Farm |
| 19:02 | Queue | Villager (Male) |
| 19:04 | Queue | Villager (Male) |
| 19:28 | Queue | Villager (Male) |
| 19:29 | Queue | Villager (Male) |
| 19:30 | Queue | Villager (Male) |
| 19:31 | Build | Farm |
| 19:36 | Build | House |
| 19:37 | Build | House |
| 19:39 | Queue | Villager (Male) |
| 19:40 | Queue | Villager (Male) |
| 19:41 | Build | Farm |
| 20:01 | Research | Wheelbarrow |
| 20:01 | Research | Wheelbarrow |
| 20:06 | Queue | Villager (Male) |
| 20:06 | Queue | Villager (Male) |
| 20:28 | Queue | Villager (Male) |
| 20:29 | Queue | Villager (Male) |
| 20:29 | Queue | Villager (Male) |
| 20:31 | Build | House |
| 20:32 | Build | House |
| 20:44 | Build | University |
| 20:46 | Queue | Villager (Male) |
| 20:47 | Build | Farm |
| 20:49 | Build | Farm |
| 20:50 | Build | Farm |
| 20:56 | Queue | Villager (Male) |
| 20:57 | Build | Farm |
| 21:07 | Queue | Villager (Male) |
| 21:19 | Build | Town Center |
| 21:28 | Queue | Villager (Male) |
| 21:30 | Queue | Villager (Male) |
| 21:32 | Build | Farm |
| 21:34 | Queue | Villager (Male) |
| 21:37 | Build | Settlement |
| 21:40 | Build | Farm |
| 21:41 | Build | Farm |
Build order — 上帝惡魔楊宗翰
First 150 of 764 actions detected
| 0:02 | Queue | Villager (Male) |
| 0:06 | Build | Mill |
| 0:23 | Queue | Villager (Male) |
| 0:36 | Build | Lumber Camp |
| 0:55 | Queue | Villager (Male) |
| 0:55 | Queue | Villager (Male) |
| 0:55 | Queue | Villager (Male) |
| 1:42 | Queue | Villager (Male) |
| 1:44 | Queue | Villager (Male) |
| 2:23 | Queue | Villager (Male) |
| 2:37 | Queue | Villager (Male) |
| 3:08 | Queue | Villager (Male) |
| 3:08 | Research | Loom |
| 3:14 | Queue | Villager (Male) |
| 4:00 | Build | Farm |
| 4:07 | Queue | Villager (Male) |
| 4:14 | Build | Farm |
| 4:24 | Build | Farm |
| 4:28 | Queue | Villager (Male) |
| 4:53 | Queue | Villager (Male) |
| 5:12 | Build | Mining Camp |
| 5:16 | Queue | Villager (Male) |
| 5:16 | Queue | Villager (Male) |
| 6:23 | Research | Feudal Age |
| 8:33 | Age | Feudal Age |
| 8:35 | Queue | Villager (Male) |
| 8:38 | Build | Market |
| 8:40 | Build | Blacksmith |
| 8:45 | Queue | Villager (Male) |
| 8:51 | Build | Lumber Camp |
| 9:10 | Research | Double-Bit Axe |
| 9:28 | Research | Castle Age |
| 12:08 | Age | Castle Age |
| 12:09 | Build | Town Center |
| 12:11 | Queue | Villager (Male) |
| 12:15 | Build | Town Center |
| 12:17 | Queue | Villager (Male) |
| 12:26 | Build | Town Center |
| 12:34 | Queue | Villager (Male) |
| 12:58 | Research | Wheelbarrow |
| 13:03 | Queue | Villager (Male) |
| 13:03 | Queue | Villager (Male) |
| 13:03 | Queue | Villager (Male) |
| 13:18 | Queue | Villager (Male) |
| 13:18 | Queue | Villager (Male) |
| 13:19 | Queue | Villager (Male) |
| 13:26 | Build | House |
| 13:45 | Queue | Villager (Male) |
| 14:00 | Build | Farm |
| 14:01 | Queue | Villager (Male) |
| 14:06 | Queue | Villager (Male) |
| 14:08 | Queue | Villager (Male) |
| 14:11 | Build | Farm |
| 14:14 | Build | Farm |
| 14:15 | Build | Farm |
| 14:16 | Queue | Villager (Male) |
| 14:25 | Queue | Villager (Male) |
| 14:28 | Build | Farm |
| 14:38 | Build | Farm |
| 14:42 | Build | Farm |
| 14:53 | Build | Farm |
| 14:56 | Build | Farm |
| 14:59 | Queue | Villager (Male) |
| 15:00 | Queue | Villager (Male) |
| 15:09 | Build | Farm |
| 15:11 | Queue | Villager (Male) |
| 15:18 | Build | Farm |
| 15:20 | Build | Farm |
| 15:27 | Build | Farm |
| 15:28 | Queue | Villager (Male) |
| 15:30 | Queue | Villager (Male) |
| 15:30 | Queue | Villager (Male) |
| 15:34 | Build | Farm |
| 15:42 | Queue | Villager (Male) |
| 15:42 | Queue | Villager (Male) |
| 15:43 | Queue | Villager (Male) |
| 15:46 | Build | Farm |
| 15:56 | Build | Farm |
| 16:03 | Build | Farm |
| 16:08 | Build | Farm |
| 16:14 | Build | Farm |
| 16:16 | Queue | Villager (Male) |
| 16:22 | Build | House |
| 16:24 | Queue | Villager (Male) |
| 16:29 | Build | Farm |
| 16:31 | Queue | Villager (Male) |
| 16:34 | Research | Loom |
| 16:35 | Queue | Villager (Male) |
| 16:39 | Queue | Villager (Male) |
| 16:39 | Queue | Villager (Male) |
| 16:39 | Queue | Villager (Male) |
| 16:46 | Build | Farm |
| 16:50 | Build | Farm |
| 16:52 | Queue | Villager (Male) |
| 16:55 | Build | Farm |
| 16:57 | Queue | Villager (Male) |
| 16:59 | Queue | Villager (Male) |
| 16:59 | Queue | Villager (Male) |
| 17:00 | Queue | Villager (Male) |
| 17:00 | Queue | Villager (Male) |
| 17:05 | Build | House |
| 17:09 | Queue | Villager (Male) |
| 17:17 | Build | Farm |
| 17:19 | Queue | Villager (Male) |
| 17:31 | Build | Farm |
| 17:34 | Queue | Villager (Male) |
| 17:34 | Queue | Villager (Male) |
| 17:35 | Queue | Villager (Male) |
| 17:40 | Build | Farm |
| 17:43 | Build | House |
| 17:45 | Queue | Villager (Male) |
| 17:52 | Queue | Villager (Male) |
| 17:56 | Build | Farm |
| 17:58 | Queue | Villager (Male) |
| 18:02 | Build | Farm |
| 18:03 | Queue | Villager (Male) |
| 18:08 | Build | Farm |
| 18:10 | Queue | Villager (Male) |
| 18:12 | Build | Farm |
| 18:15 | Queue | Villager (Male) |
| 18:28 | Build | House |
| 18:29 | Build | House |
| 18:30 | Build | House |
| 18:33 | Queue | Villager (Male) |
| 18:34 | Queue | Villager (Male) |
| 18:38 | Queue | Villager (Male) |
| 18:44 | Build | Farm |
| 18:45 | Queue | Villager (Male) |
| 18:49 | Research | Bow Saw |
| 18:54 | Queue | Villager (Male) |
| 19:05 | Build | Farm |
| 19:13 | Queue | Villager (Male) |
| 19:17 | Research | Gold Mining |
| 19:18 | Queue | Villager (Male) |
| 19:22 | Queue | Villager (Male) |
| 19:22 | Queue | Villager (Male) |
| 19:23 | Queue | Villager (Male) |
| 19:23 | Queue | Villager (Male) |
| 19:26 | Build | Farm |
| 19:28 | Queue | Villager (Male) |
| 19:41 | Queue | Villager (Male) |
| 19:41 | Queue | Villager (Male) |
| 19:41 | Queue | Villager (Male) |
| 19:47 | Build | Farm |
| 19:51 | Queue | Villager (Male) |
| 19:52 | Queue | Villager (Male) |
| 19:55 | Build | Farm |
| 20:00 | Queue | Villager (Male) |
| 20:00 | Queue | Villager (Male) |
| 20:00 | Queue | Villager (Male) |
Build order — Çıkmaz Sokak
First 150 of 538 actions detected
| 0:02 | Queue | Villager (Male) |
| 0:02 | Queue | Villager (Male) |
| 0:03 | Build | Mill |
| 0:09 | Queue | Villager (Male) |
| 0:17 | Build | Lumber Camp |
| 0:56 | Queue | Villager (Male) |
| 0:56 | Queue | Villager (Male) |
| 1:23 | Queue | Villager (Male) |
| 1:23 | Queue | Villager (Male) |
| 1:24 | Queue | Villager (Male) |
| 2:09 | Queue | Villager (Male) |
| 2:09 | Queue | Villager (Male) |
| 2:10 | Queue | Villager (Male) |
| 2:18 | Queue | Villager (Male) |
| 2:18 | Queue | Villager (Male) |
| 2:31 | Queue | Villager (Male) |
| 3:06 | Build | Farm |
| 3:24 | Queue | Villager (Male) |
| 3:50 | Build | Palisade Wall |
| 4:05 | Queue | Villager (Male) |
| 4:59 | Research | Feudal Age |
| 5:45 | Build | Mining Camp |
| 6:13 | Build | Farm |
| 6:22 | Queue | Villager (Male) |
| 7:04 | Build | Farm |
| 8:02 | Age | Feudal Age |
| 8:08 | Build | Market |
| 8:16 | Build | Blacksmith |
| 8:18 | Build | Market |
| 8:26 | Queue | Villager (Male) |
| 8:29 | Queue | Villager (Male) |
| 9:19 | Research | Castle Age |
| 9:30 | Research | Double-Bit Axe |
| 9:33 | Research | Horse Collar |
| 9:50 | Build | Farm |
| 9:52 | Build | Farm |
| 10:18 | Build | Farm |
| 10:19 | Queue | Villager (Male) |
| 10:41 | Research | Gold Mining |
| 10:50 | Build | Farm |
| 11:25 | Build | Farm |
| 11:59 | Age | Castle Age |
| 12:03 | Build | Town Center |
| 12:08 | Queue | Villager (Male) |
| 12:12 | Build | Town Center |
| 12:22 | Research | Bow Saw |
| 12:23 | Research | Bow Saw |
| 12:30 | Queue | Villager (Male) |
| 12:57 | Queue | Villager (Male) |
| 12:57 | Queue | Villager (Male) |
| 12:59 | Research | Heavy Plow |
| 13:00 | Research | Heavy Plow |
| 13:02 | Queue | Villager (Male) |
| 13:15 | Queue | Villager (Male) |
| 13:18 | Build | Farm |
| 13:20 | Build | Farm |
| 13:22 | Build | Farm |
| 13:27 | Queue | Villager (Male) |
| 13:28 | Queue | Villager (Male) |
| 13:28 | Queue | Villager (Male) |
| 13:28 | Queue | Villager (Male) |
| 13:29 | Build | Farm |
| 13:36 | Queue | Villager (Male) |
| 13:44 | Build | Farm |
| 13:49 | Queue | Villager (Male) |
| 13:53 | Build | Farm |
| 13:55 | Queue | Villager (Male) |
| 13:55 | Queue | Villager (Male) |
| 14:00 | Build | House |
| 14:06 | Build | Farm |
| 14:08 | Queue | Villager (Male) |
| 14:15 | Queue | Villager (Male) |
| 14:15 | Queue | Villager (Male) |
| 14:26 | Build | Farm |
| 14:28 | Build | Farm |
| 14:30 | Queue | Villager (Male) |
| 14:30 | Queue | Villager (Male) |
| 14:31 | Queue | Villager (Male) |
| 14:46 | Build | Farm |
| 14:47 | Queue | Villager (Male) |
| 14:47 | Queue | Villager (Male) |
| 14:50 | Queue | Villager (Male) |
| 14:50 | Queue | Villager (Male) |
| 14:52 | Build | Farm |
| 15:01 | Queue | Villager (Male) |
| 15:01 | Queue | Villager (Male) |
| 15:05 | Build | Farm |
| 15:11 | Queue | Villager (Male) |
| 15:11 | Queue | Villager (Male) |
| 15:20 | Build | Farm |
| 15:22 | Queue | Villager (Male) |
| 15:22 | Queue | Villager (Male) |
| 15:26 | Queue | Villager (Male) |
| 15:26 | Queue | Villager (Male) |
| 15:28 | Build | Farm |
| 15:42 | Queue | Villager (Male) |
| 15:42 | Queue | Villager (Male) |
| 15:45 | Build | Farm |
| 15:45 | Queue | Villager (Male) |
| 15:47 | Build | Farm |
| 15:49 | Build | Farm |
| 15:50 | Queue | Villager (Male) |
| 15:50 | Queue | Villager (Male) |
| 15:51 | Queue | Villager (Male) |
| 15:59 | Queue | Villager (Male) |
| 16:04 | Build | Farm |
| 16:09 | Build | Farm |
| 16:10 | Queue | Villager (Male) |
| 16:30 | Build | House |
| 16:31 | Build | House |
| 16:32 | Queue | Villager (Male) |
| 16:34 | Queue | Villager (Male) |
| 16:40 | Research | Wheelbarrow |
| 16:40 | Research | Wheelbarrow |
| 16:47 | Build | Farm |
| 16:49 | Build | Farm |
| 16:53 | Build | Farm |
| 16:55 | Build | Farm |
| 16:57 | Build | Farm |
| 16:59 | Queue | Villager (Male) |
| 16:59 | Queue | Villager (Male) |
| 16:59 | Queue | Villager (Male) |
| 17:03 | Build | Farm |
| 17:03 | Queue | Villager (Male) |
| 17:03 | Queue | Villager (Male) |
| 17:06 | Build | Farm |
| 17:07 | Build | Farm |
| 17:10 | Queue | Villager (Male) |
| 17:10 | Queue | Villager (Male) |
| 17:14 | Queue | Villager (Male) |
| 17:18 | Queue | Villager (Male) |
| 17:24 | Build | House |
| 17:25 | Queue | Villager (Male) |
| 17:25 | Queue | Villager (Male) |
| 17:33 | Build | Farm |
| 17:34 | Build | Farm |
| 17:39 | Queue | Villager (Male) |
| 17:44 | Queue | Villager (Male) |
| 17:50 | Queue | Villager (Male) |
| 17:56 | Queue | Villager (Male) |
| 18:02 | Queue | Villager (Male) |
| 18:04 | Build | Farm |
| 18:06 | Build | Farm |
| 18:11 | Queue | Villager (Male) |
| 18:12 | Queue | Villager (Male) |
| 18:13 | Queue | Villager (Male) |
| 18:15 | Research | Gold Shaft Mining |
| 18:16 | Queue | Villager (Male) |
| 18:20 | Queue | Villager (Male) |
| 18:27 | Queue | Villager (Male) |
Match timeline
| 3:50 | Çıkmaz Sokak · wall_segment Palisade Wall x1 |
| 7:15 | trabant · age_up feudal |
| 7:37 | tokey354 · age_up feudal |
| 8:01 | WonderHD11 · age_up feudal |
| 8:01 | Hisoka69 · age_up feudal |
| 8:01 | Zni.Locuss · age_up feudal |
| 8:02 | Çıkmaz Sokak · age_up feudal |
| 8:04 | Zni.Locuss · first_building Archery Range |
| 8:04 | [TNT] TW_RED · age_up feudal |
| 8:33 | 上帝惡魔楊宗翰 · age_up feudal |
| 8:53 | Hisoka69 · first_market_sell 100 stone |
| 10:04 | Çıkmaz Sokak · first_market_buy 100 wood |
| 10:56 | trabant · age_up castle |
| 11:31 | trabant · first_market_buy 100 wood |
| 11:32 | WonderHD11 · age_up castle |
| 11:34 | Hisoka69 · age_up castle |
| 11:41 | tokey354 · age_up castle |
| 11:56 | Zni.Locuss · age_up castle |
| 11:59 | [TNT] TW_RED · age_up castle |
| 11:59 | Çıkmaz Sokak · age_up castle |
| 12:01 | tokey354 · first_market_buy 100 wood |
| 12:08 | 上帝惡魔楊宗翰 · age_up castle |
| 12:20 | 上帝惡魔楊宗翰 · first_market_buy 100 stone |
| 13:13 | Hisoka69 · wall_segment Palisade Wall x1 |
| 13:15 | Hisoka69 · wall_segment Palisade Wall x1 |
| 13:16 | WonderHD11 · first_market_buy 100 food |
| 14:42 | [TNT] TW_RED · first_building Siege Workshop |
| 15:28 | tokey354 · first_building Archery Range |
| 15:44 | [TNT] TW_RED · first_market_sell 100 food |
| 18:01 | tokey354 · first_building Stable |
| 18:24 | Zni.Locuss · first_market_buy 100 stone |
| 19:10 | trabant · first_market_sell 100 food |
| 19:49 | trabant · first_building Siege Workshop |
| 20:01 | Çıkmaz Sokak · first_market_sell 100 wood |
| 20:36 | trabant · first_building Barracks |
| 21:18 | WonderHD11 · first_building Stable |
| 21:40 | 上帝惡魔楊宗翰 · first_market_sell 100 food |
| 21:47 | Hisoka69 · first_building Stable |
| 22:02 | 上帝惡魔楊宗翰 · first_building Stable |
| 22:30 | trabant · age_up imperial |
| 22:33 | Hisoka69 · first_building Archery Range |
| 23:15 | Çıkmaz Sokak · age_up imperial |
| 23:29 | Çıkmaz Sokak · first_building Castle |
| 24:07 | WonderHD11 · age_up imperial |
| 24:27 | Çıkmaz Sokak · wall_segment Stone Wall x1 |
| 24:30 | [TNT] TW_RED · wall_segment Stone Wall x1 |
| 24:31 | [TNT] TW_RED · wall_segment Stone Wall x1 |
| 24:36 | Çıkmaz Sokak · wall_segment Stone Wall x1 |
| 24:46 | Çıkmaz Sokak · wall_segment Stone Wall x1 |
| 24:48 | Çıkmaz Sokak · wall_segment Stone Wall x1 |
| 24:53 | Çıkmaz Sokak · wall_segment Stone Wall x1 |
| 24:56 | Hisoka69 · first_building Castle |
| 24:59 | Hisoka69 · first_building Monastery |
| 25:05 | Çıkmaz Sokak · wall_segment Stone Wall x1 |
| 25:08 | Çıkmaz Sokak · wall_segment Stone Wall x1 |
| 25:10 | 上帝惡魔楊宗翰 · age_up imperial |
| 25:11 | Çıkmaz Sokak · wall_segment Stone Wall x1 |
| 25:20 | Hisoka69 · age_up imperial |
| 25:21 | Çıkmaz Sokak · wall_segment Stone Wall x1 |
| 25:27 | Çıkmaz Sokak · wall_segment Stone Wall x1 |
| 25:29 | Çıkmaz Sokak · wall_segment Stone Wall x1 |
| 25:31 | Çıkmaz Sokak · wall_segment Stone Wall x1 |
| 25:38 | [TNT] TW_RED · first_building Barracks |
| 25:45 | Çıkmaz Sokak · first_building Archery Range |
| 26:00 | tokey354 · first_building Monastery |
| 26:06 | 上帝惡魔楊宗翰 · first_building Monastery |
| 26:28 | [TNT] TW_RED · first_building Castle |
| 26:41 | [TNT] TW_RED · first_building Stable |
| 27:49 | [TNT] TW_RED · age_up imperial |
| 28:45 | Zni.Locuss · wall_segment Palisade Wall x1 |
| 28:48 | Zni.Locuss · age_up imperial |
| 29:07 | Hisoka69 · first_building Siege Workshop |
| 29:54 | Çıkmaz Sokak · first_building Stable |
| 30:17 | WonderHD11 · tribute_sent a jugador 1 |
| 30:17 | WonderHD11 · tribute_sent a jugador 3 |
| 30:17 | WonderHD11 · tribute_sent a jugador 4 |
| 30:17 | WonderHD11 · tribute_sent a jugador 5 |
| 30:17 | WonderHD11 · tribute_sent a jugador 6 |
| 30:17 | WonderHD11 · tribute_sent a jugador 7 |
| 30:17 | WonderHD11 · tribute_sent a jugador 8 |
| 30:21 | tokey354 · first_building Castle |
| 30:33 | WonderHD11 · tribute_sent a jugador 1 |
| 30:33 | WonderHD11 · tribute_sent a jugador 3 |
| 30:33 | WonderHD11 · tribute_sent a jugador 4 |
| 30:33 | WonderHD11 · tribute_sent a jugador 5 |
| 30:33 | WonderHD11 · tribute_sent a jugador 6 |
| 30:33 | WonderHD11 · tribute_sent a jugador 7 |
| 30:33 | WonderHD11 · tribute_sent a jugador 8 |
| 30:52 | trabant · wall_segment Stone Wall x5 |
| 30:56 | trabant · wall_segment Stone Wall x20 |
| 31:08 | Hisoka69 · tribute_sent a jugador 1 |
| 31:08 | Hisoka69 · tribute_sent a jugador 2 |
| 31:08 | Hisoka69 · tribute_sent a jugador 3 |
| 31:08 | Hisoka69 · tribute_sent a jugador 5 |
| 31:08 | Hisoka69 · tribute_sent a jugador 6 |
| 31:08 | Hisoka69 · tribute_sent a jugador 7 |
| 31:08 | Hisoka69 · tribute_sent a jugador 8 |
| 31:25 | tokey354 · wall_segment Stone Wall x2 |
| 31:26 | tokey354 · wall_segment Stone Wall x1 |
| 31:30 | tokey354 · wall_segment Stone Wall x1 |
| 31:31 | tokey354 · wall_segment Stone Wall x1 |
| 31:53 | Zni.Locuss · first_building Castle |
| 32:07 | Çıkmaz Sokak · first_building Siege Workshop |
| 32:40 | trabant · first_building Castle |
| 32:44 | tokey354 · age_up imperial |
| 32:55 | 上帝惡魔楊宗翰 · first_building Castle |
| 33:19 | Zni.Locuss · wall_segment Stone Wall x34 |
| 33:42 | Zni.Locuss · first_market_sell 500 wood |
| 34:38 | [TNT] TW_RED · wall_segment Stone Wall x1 |
| 34:39 | Hisoka69 · first_market_buy 100 wood |
| 34:40 | [TNT] TW_RED · wall_segment Stone Wall x1 |
| 34:43 | tokey354 · first_market_sell 500 food |
| 34:58 | Hisoka69 · tribute_sent a jugador 1 |
| 34:58 | Hisoka69 · tribute_sent a jugador 2 |
| 34:58 | Hisoka69 · tribute_sent a jugador 3 |
| 34:58 | Hisoka69 · tribute_sent a jugador 5 |
| 34:58 | Hisoka69 · tribute_sent a jugador 6 |
| 34:58 | Hisoka69 · tribute_sent a jugador 7 |
| 34:58 | Hisoka69 · tribute_sent a jugador 8 |
| 35:30 | WonderHD11 · tribute_sent a jugador 1 |
| 35:30 | WonderHD11 · tribute_sent a jugador 3 |
| 35:30 | WonderHD11 · tribute_sent a jugador 4 |
| 35:30 | WonderHD11 · tribute_sent a jugador 5 |
| 35:30 | WonderHD11 · tribute_sent a jugador 6 |
| 35:30 | WonderHD11 · tribute_sent a jugador 7 |
| 35:30 | WonderHD11 · tribute_sent a jugador 8 |
| 35:46 | trabant · wall_segment Stone Wall x6 |
| 36:51 | WonderHD11 · first_building Castle |
| 36:52 | [TNT] TW_RED · wall_segment Stone Wall x1 |
| 39:06 | Hisoka69 · tribute_sent a jugador 1 |
| 39:06 | Hisoka69 · tribute_sent a jugador 2 |
| 39:06 | Hisoka69 · tribute_sent a jugador 3 |
| 39:06 | Hisoka69 · tribute_sent a jugador 5 |
| 39:06 | Hisoka69 · tribute_sent a jugador 6 |
| 39:06 | Hisoka69 · tribute_sent a jugador 7 |
| 39:06 | Hisoka69 · tribute_sent a jugador 8 |
| 40:08 | WonderHD11 · first_market_sell 500 food |
| 41:18 | [TNT] TW_RED · wall_segment Stone Wall x1 |
| 41:20 | [TNT] TW_RED · wall_segment Stone Wall x1 |
| 41:21 | [TNT] TW_RED · wall_segment Stone Wall x1 |
| 41:23 | [TNT] TW_RED · wall_segment Stone Wall x1 |
| 42:25 | tokey354 · first_building Siege Workshop |
| 43:24 | [TNT] TW_RED · first_market_buy 100 wood |
| 43:51 | trabant · first_building Archery Range |
| 45:07 | tokey354 · wall_segment Stone Wall x25 |
| 47:28 | Hisoka69 · wall_segment Stone Wall x4 |
| 47:35 | Hisoka69 · wall_segment Stone Wall x1 |
| 47:36 | 上帝惡魔楊宗翰 · wall_segment Stone Wall x10 |
| 48:37 | WonderHD11 · tribute_sent a jugador 1 |
| 48:37 | WonderHD11 · tribute_sent a jugador 3 |
| 48:37 | WonderHD11 · tribute_sent a jugador 4 |
| 48:37 | WonderHD11 · tribute_sent a jugador 5 |
| 48:37 | WonderHD11 · tribute_sent a jugador 6 |
| 48:37 | WonderHD11 · tribute_sent a jugador 7 |
| 48:37 | WonderHD11 · tribute_sent a jugador 8 |
| 48:39 | Hisoka69 · wall_segment Stone Wall x1 |
| 49:35 | Hisoka69 · wall_segment Stone Wall x2 |
| 49:38 | Hisoka69 · wall_segment Stone Wall x9 |
| 50:29 | [TNT] TW_RED · resign |
[ AI ANALYSIS · 1 CREDIT ]
What really happened in this match?
Wolo.gg analyzes every decision: build order, eco, micro, common mistakes by bracket. Personalized analysis on WhatsApp or Discord in 30 seconds.
Civ guide
Jurchens
Perfil
Friends & Chat